 Dungeon Crawl Stone Soup version 0.28-a0-60-g54b5640690 (webtiles) character file.

Game seed: 4447662982596328197

1061 rogsnak the Conjurer (level 8, -2/54 HPs)
             Began as a Demonspawn Fire Elementalist on July 31, 2021.
             Was an Initiate of Sif Muna.
             Succumbed to Duvessa's poison
             ... on level 5 of the Dungeon.
             The game lasted 00:16:10 (6485 turns).

rogsnak the Conjurer (Demonspawn Fire Elementalist) Turns: 6485, Time: 00:16:11

Health: -2/54      AC:  5    Str:  9    XL:     8   Next: 6%
Magic:  20/24      EV: 21    Int: 18    God:    Sif Muna [......]
Gold:   253        SH:  0    Dex: 14    Spells: 12/17 levels left

rFire   . . .      SeeInvis .   e - +2 short sword (elec)
rCold   . . .      Faith    .   (no shield)
rNeg    . . .      Spirit   .   a - +0 robe
rPois   .          Reflect  .   (no helmet)
rElec   .          Harm     .   n - +0 cloak
rCorr   .          Rampage  .   (no gloves)
Will    .....                   (no boots)
Stlth   ++........              (no amulet)
HPRegen 0.18/turn               y - ring of magical power
MPRegen 0.19/turn               w - +4 ring of evasion

@: brilliant, agile, lethally poisoned (-2 -> -21)
A: talons 1, thin metallic scales 1, powered by death 1, powered by pain 1
a: Renounce Religion


You were on level 5 of the Dungeon.
You worshipped Sif Muna.
Sif Muna was noncommittal.
You visited 2 branches of the dungeon, and saw 7 of its levels.

You collected 253 gold pieces.

Inventory:

Hand Weapons
 c - a +0 mace
 e - a +2 short sword of electrocution (weapon)
 s - a +2 falchion of protection
 x - a +3 glaive of venom
Missiles
 b - 226 stones
 k - a throwing net
Armour
 a - a +0 robe (worn)
 n - a +0 cloak (worn)
Jewellery
 i - a ring of flight
 w - a +4 ring of evasion (right hand)
 y - a ring of magical power (left hand)
Wands
 o - a wand of flame (4)
Scrolls
 d - 2 scrolls of blinking {unknown}
 f - a scroll of identify {unknown}
 h - 2 scrolls of enchant weapon {unknown}
 l - a scroll of noise {unknown}
 p - a scroll of immolation {unknown}
 q - 2 scrolls of teleportation {unknown}
 v - a scroll of vulnerability {unknown}
Potions
 j - a potion of mutation {unknown}
 m - 2 potions of curing {unknown}
 r - a potion of berserk rage {unknown}
 t - a potion of degeneration {unknown}
 u - a potion of ambrosia {unknown}
 z - a potion of heal wounds {unknown}


   Skills:
 + Level 1.0 Fighting
 + Level 2.4 Dodging
 - Level 2.0 Stealth
 + Level 5.0 Spellcasting
 * Level 6.3 Conjurations
 + Level 4.6 Fire Magic


You had 12 spell levels left.
You knew the following spells:

 Your Spells              Type           Power      Damage    Failure   Level
a - Foxfire               Conj/Fire      100%       2x1d9     1%          1
b - Sticky Flame          Conj/Fire      36%        2d6       14%         4

Your spell library contained the following spells:

 Spells                   Type           Power      Damage    Failure   Level
 Magic Dart               Conj           100%       1d8       1%          1
 Searing Ray              Conj           80%        3d6       1%          2
 Conjure Flame            Conj/Fire      36%        6-21      4%          3
 Inner Flame              Hex/Fire       19%        N/A       16%         3
 Fulminant Prism          Conj/Hex       11%        3d9       36%         4
 Fireball                 Conj/Fire      18%        3d9       36%         5


Dungeon Overview and Level Annotations

Branches:
Dungeon (6/15)             Temple (1/1) D:5

Altars:
Ashenzari
Cheibriados
Dithmenos
Elyvilon
Fedhas
Gozag
Hepliaklqana
Kikubaaqudgha
Nemelex Xobeh
Qazlal
Sif Muna
Trog
Uskayaw
Vehumet
Xom
Yredelemnul
Zin
The Shining One

Shops:
D:1 !

Annotations:
D:5 Duvessa, Eustachio


Innate Abilities, Weirdness & Mutations

You have sharp toenails.
You are partially covered in thin metallic scales. (AC +2)
You regenerate a little health from kills.
You sometimes gain a little power by taking damage.


Message History

Confirm with . or Enter, or press ? or * to list all spells.
Aiming: Sticky Flame (dangerous; 14% risk of failure)
Press: ? - help, Shift-Dir - straight line, f - Duvessa
Aim: Duvessa, wielding a +1 short sword of venom and wearing a +0 leather armour (berserk, 100% to hit)
The sticky flame hits Duvessa.
Duvessa is lightly wounded.
Duvessa is covered in liquid flames!
Duvessa burns!
Duvessa hits you with a +1 short sword of venom!!
You focus on the pain.
You feel your power returning.
You are poisoned.
Okay, then.
You feel very sick.
Duvessa burns!
Duvessa barely misses you.
Okay, then.
You feel very sick.
Duvessa burns!
Duvessa stops burning.
Duvessa rages.
Unknown command.
Casting: Sticky Flame (dangerous; 14% risk of failure)
Confirm with . or Enter, or press ? or * to list all spells.
Aiming: Sticky Flame (dangerous; 14% risk of failure)
Press: ? - help, Shift-Dir - straight line, f/p - Duvessa
Aim: Duvessa, wielding a +1 short sword of venom and wearing a +0 leather armour (moderately wounded, berserk, 100% to hit)
The sticky flame hits Duvessa!
Duvessa is heavily wounded.
Duvessa is covered in liquid flames!
You feel very sick.
Duvessa burns!
Duvessa hits you with a +1 short sword of venom.
You are lethally poisoned!
Duvessa hits you with a +1 short sword of venom!
* * * LOW HITPOINT WARNING * * *
You focus on the pain.
You feel agile all of a sudden.
* * * LOW HITPOINT WARNING * * *
You feel very sick.
Duvessa burns!
It was a potion of brilliance.
You feel clever all of a sudden.
You die...

...# #(#
#####.###.....##
.### #.#
#...........#..# .#
#.####
#.###.###..###.# .#
#....####.....#
##..#..# .#
####.#.....####
##...## .#
#.#.....# ##.## .#
#.#.....## #.# .#
#.##e#.#.## #.# .#
#.#.@#.##.## #.# ##
#..#.#..[..# #.# #
#.#..####.=# #.# #
#..........######.#
#
#.....#.##........#
#
#....#.###.########
# #...#### #.# #
##)## #.# # #)# #.#


You could see Duvessa (berserk, burning).

Vanquished Creatures
  An ice beast (D:5)
  2 black bears (D:4)
  An ogre (D:4)
  A necrophage (D:6)
  A phantom (D:5)
  2 scorpions (D:4)
  Dowan (D:5)
  A bullfrog zombie (D:5)
  A hound (D:4)
  An orc priest (D:4)
  2 iguanas
  2 orc wizards
  A hound zombie (D:5)
  Robin (D:2)
  3 gnolls (D:4)
  4 adders
  An adder skeleton (D:4)
  2 worms (D:2)
  3 dart slugs (D:1)
  7 orcs
  7 endoplasms
  4 giant cockroaches
  10 hobgoblins
  4 jackals (D:2)
  2 quokkas
  5 ball pythons
  5 bats
  2 frilled lizards
  8 goblins
  6 kobolds
  11 rats
102 creatures vanquished.

Vanquished Creatures (collateral kills)
  8 foxfires (D:2)
8 creatures vanquished.

Vanquished Creatures (others)
  353 foxfires
  12 plants (D:2)
365 creatures vanquished.

Grand Total: 475 creatures vanquished

Notes
Turn   | Place    | Note
-------+----------+-------------------------------------------
     0 | D:1      | rogsnak the Demonspawn Fire Elementalist began the quest
                  | for the Orb.
     0 | D:1      | Reached XP level 1. HP: 13/13 MP: 3/3
   360 | D:1      | Gained mutation: You have sharp toenails. [demonic
                  | ancestry]
   360 | D:1      | Reached XP level 2. HP: 19/19 MP: 0/5
   494 | D:1      | Found Tohitiw's Distillery.
  1003 | D:1      | Found a faded altar of an unknown god.
  1080 | D:1      | Gained mutation: You are partially covered in thin metallic
                  | scales. (AC +2) [demonic ancestry]
  1080 | D:1      | Reached XP level 3. HP: 24/24 MP: 6/6
  1776 | D:2      | Reached skill level 2 in Conjurations
  1889 | D:2      | Noticed Robin
  1892 | D:2      | Reached XP level 4. HP: 24/30 MP: 1/8
  1925 | D:2      | Killed Robin
  2150 | D:2      | Found an opulent altar of Gozag.
  3199 | D:3      | Learned a level 4 spell: Sticky Flame
  3334 | D:4      | Noticed a black bear
  3356 | D:4      | Killed a black bear
  3357 | D:4      | Reached skill level 3 in Conjurations
  3357 | D:4      | Reached XP level 5. HP: 35/35 MP: 0/9
  3543 | D:4      | Reached XP level 6. HP: 42/42 MP: 4/11
  3611 | D:4      | Reached skill level 4 in Conjurations
  3816 | D:4      | Reached skill level 5 in Conjurations
  3816 | D:4      | Gained mutation: You sometimes gain a little power by
                  | taking damage. [demonic ancestry]
  3816 | D:4      | Reached XP level 7. HP: 47/47 MP: 4/13
  4966 | D:5      | Entered Level 5 of the Dungeon
  5462 | D:5      | Found a staircase to the Ecumenical Temple.
  5473 | Temple   | Entered the Ecumenical Temple
  5526 | Temple   | Became a worshipper of Sif Muna the Loreminder
  5638 | D:5      | Reached skill level 6 in Conjurations
  5923 | D:5      | Noticed Dowan
  6060 | D:6      | Gained mutation: You regenerate a little health from kills.
                  | [demonic ancestry]
  6060 | D:6      | Reached XP level 8. HP: 53/53 MP: 9/15
  6129 | D:5      | Killed Dowan
  6130 | D:5      | Reached skill level 1 in Fighting
  6130 | D:5      | Reached skill level 5 in Spellcasting
  6297 | D:5      | Noticed Eustachio
  6478 | D:5      | Noticed Duvessa
  6484 | D:5      | HP: 1/54 [poisoned by Duvessa]
  6485 | D:5      | Succumbed to Duvessa's poison

Illustrated notes

Levels and vault maps discovered:
D:1:      dpeg_arrival_morbid_curiosity, layout_basic,
          shapermc_ecumenical_altar_mp_ritualfount, serial_shops,
          nicolae_shop_crystal, minmay_misc_feat_roman
D:2:      layout_basic, basic_altar, serial_bayou, serial_bayou_crossing,
          serial_bayou_ford_a, serial_bayou_pond_d, serial_bayou_lake_a,
          small_statue_intersection, uniq_robin
D:3:      layout_basic, kennysheep_cluttered_room
D:4:      layout_cave_pods
D:5:      layout_loops_ring, minmay_temple_entry_glassed_door, uniq_duvessa,
          uniq_eustachio
D:6:      layout_basic, serial_shops, kennysheep_mini
Temple:   regret_index_temple_chain_breaker

Skill      XL: |  1  2  3  4  5  6  7  8 |
---------------+-------------------------+-----
Dodging        | 2 |  2.4
Fire Magic     | 3 4 |  4.6
Stealth        | 2 |  2.0
Conjurations   | 2 3 5 6 |  6.3
Spellcasting   | 3 4 5 |  5.0
Fighting       | 1 |  1.0

Action                   |  1- 3 |  4- 6 |  7- 9 || total
-------------------------+-------+-------+-------++-------
Melee: Unarmed           |     2 |       |       ||     2
       Mace              |     3 |       |       ||     3
       Short sword       |    18 |    15 |    28 ||    61
       Kick              |     5 |     3 |     3 ||    11
 Cast: Foxfire           |    86 |    70 |    59 ||   215
       Sticky Flame      |       |       |     6 ||     6
  Use: Potion            |       |       |     1 ||     1
 Stab: Sleeping          |     3 |       |     2 ||     5
Armor: Robe              |     3 |     5 |    11 ||    19
Dodge: Dodged            |    13 |    10 |    18 ||    41

Table legend: (Time is in decaauts)
 A = Elapsed time spent in this place.
 B = Non-inter-level travel time spent in this place.
 C = Inter-level travel time spent in this place.
 D = Time resting spent in this place.
 E = Time spent auto-exploring this place.
 F = Levels seen in this place.
 G = Mean time per level.
                   A        B        C        D        E       F      G
               +--------+--------+--------+--------+--------+-----+--------+
         Total |   6496 |   6419 |     77 |    718 |   4243 |   7 |  928.0 |
       Dungeon |   6424 |   6347 |     77 |    718 |   4243 |   6 | 1070.7 |
        Temple |     71 |     71 |      0 |      0 |      0 |   1 |   71.0 |
               +--------+--------+--------+--------+--------+-----+--------+

Top non-repeatable levels by time:
     D:4: 1980 daAuts
     D:1: 1446 daAuts
     D:5: 1211 daAuts
     D:2: 994 daAuts
     D:3: 758 daAuts
  Temple: 71 daAuts
     D:6: 32 daAuts
